 Dungeon Crawl Stone Soup version 0.21.1-1-g345015f (webtiles) character file.

93 Labyrinth the Firebug (level 4, -1/34 HPs)
             Began as a Draconian Fire Elementalist on July 26, 2018.
             Slain by Grinder (2 damage)
             ... while paralysed by Grinder
             ... on level 3 of the Dungeon.
             The game lasted 00:07:30 (1662 turns).

Labyrinth the Firebug (Draconian Fire Elementalist) Turns: 1662, Time: 00:07:30

Health: -1/34      AC:  5    Str: 12    XL:     4   Next: 37%
Magic:  4/8        EV:  2    Int: 15    God:
Gold:   99         SH:  0    Dex: 11    Spells: 2/8 levels left

rFire    . . .     SeeInvis .   s - +0 war axe
rCold    . . .     Gourm    .   (no shield)
rNeg     . . .     Faith    .   (armour unavailable)
rPois    .         Spirit   .   (helmet restricted)
rElec    .         Reflect  .   (no cloak)
rCorr    .         Harm     .   (no gloves)
MR       .....                  (no boots)
Stlth    ++........             (no amulet)
HPRegen  0.11/turn              (no ring)
MPRegen  0.11/turn              (no ring)

@: paralysed
A: unfitting armour, cold-blooded, AC +5
a: no special abilities


You were on level 3 of the Dungeon.
You were not hungry.

You visited 1 branch of the dungeon, and saw 3 of its levels.

You collected 99 gold pieces.

Inventory:

Hand Weapons
 d - a +1 vampiric short sword
 i - a +0 whip
 m - a +0 hand axe
 s - a +0 war axe (weapon)
Missiles
 e - 50 stones
 j - 25 bolts
 l - 5 javelins (quivered)
 n - 22 arrows
 o - 10 sling bullets
Wands
 q - a wand of polymorph (10)
Scrolls
 f - a scroll of amnesia {unknown}
 t - a scroll of teleportation {unknown}
Potions
 c - 2 potions of might
 h - 3 potions of curing
 k - a potion of magic {unknown}
 p - a potion of degeneration {unknown}
 r - a potion of haste {unknown}
 u - a potion of flight {unknown}
Books
 a - a book of Flames

   Spells                             Type                      Level
   a - Flame Tongue                   Conjuration/Fire             1
   b - Throw Flame                    Conjuration/Fire             2
   c - Conjure Flame                  Conjuration/Fire             3
   d - Inner Flame                    Hexes/Fire                   3
   e - Sticky Flame                   Conjuration/Fire             4
   f - Fireball                       Conjuration/Fire             5
Comestibles
 b - 2 rations


   Skills:
 + Level 0.8 Fighting
   Level 0.8 Slings
 + Level 2.3 Dodging
 + Level 2.2 Stealth
 + Level 2.7 Spellcasting
 + Level 1.7 Conjurations
 + Level 3.4 Fire Magic


You had 2 spell levels left.
You knew the following spells:

 Your Spells              Type           Power        Failure   Level  Hunger
a - Flame Tongue          Conj/Fire      #....        7%          1    #......
b - Throw Flame           Conj/Fire      #.....       11%         2    ##.....
c - Conjure Flame         Conj/Fire      #.......     22%         3    ###....


Dungeon Overview and Level Annotations

Branches:
Dungeon (3/15)

Altars:
Dithmenos

Annotations:
D:3 Grinder


Innate Abilities, Weirdness & Mutations

Your plain brown scales are hard. (AC +5)
You cannot fit into any form of body armour.
You are cold-blooded and may be slowed by cold attacks.


Message History

A kobold comes into view.
You closely miss Grinder.
Grinder is lightly wounded.
The kobold shouts!
Grinder misses you.
The kobold throws a stone.
The stone barely misses you. Grinder hits you!
You writhe in agony.
You barely miss Grinder.
Grinder is lightly wounded.
Grinder gestures at you. Pain shoots through your body!
* * * LOW HITPOINT WARNING * * *
You barely miss Grinder.
Grinder is lightly wounded.
Grinder misses you. Grinder gestures at you.
You suddenly lose the ability to move!
Grinder hits you!
* * * LOW HITPOINT WARNING * * *
You writhe in agony.
You die...

#. ##.# #...
#... #..K
####...#####
...........####
.......@5......
...........##.#
###....#.###
#.... .# #....
.# #.... .#
#.#># .# #..!
.#


You could see Grinder and a kobold.

Vanquished Creatures
  Jessica (D:2)
  2 adders (D:2)
  An ooze (D:1)
  2 worms (D:2)
  A dart slug (D:1)
  A leopard gecko (D:2)
  An orc (D:2)
  4 bats
  A giant cockroach (D:1)
  5 goblins
  4 hobgoblins (D:2)
  2 jackals (D:2)
  2 kobolds (D:1)
  A ball python (D:2)
  4 frilled lizards
  6 rats
38 creatures vanquished.

Notes
Turn   | Place    | Note
-------+----------+-------------------------------------------
     0 | D:1      | Labyrinth the Draconian Fire Elementalist began the quest for the Orb.
     0 | D:1      | Reached XP level 1. HP: 14/14 MP: 3/3
   279 | D:1      | Reached XP level 2. HP: 18/20 MP: 0/5
   283 | D:1      | Learned a level 2 spell: Throw Flame
   870 | D:2      | Reached XP level 3. HP: 14/26 MP: 0/6
  1230 | D:2      | Learned a level 3 spell: Conjure Flame
  1286 | D:2      | Noticed Jessica
  1321 | D:2      | Killed Jessica
  1321 | D:2      | Reached XP level 4. HP: 34/34 MP: 0/8
  1505 | D:2      | Found a shadowy altar of Dithmenos.
  1652 | D:3      | Noticed Grinder
  1661 | D:3      | Paralysed by Grinder for 5 turns
  1662 | D:3      | HP: 1/34 [Grinder (9)]
  1662 | D:3      | Slain by Grinder

Skill      XL: |  1  2 |
---------------+-------+-----
Stealth        | 2 |  2.2
Dodging        | 2 |  2.3
Fighting       | |  0.8
Slings         | |  0.8
Spellcasting   | |  2.7
Conjurations   | |  1.7
Fire Magic     | |  3.4

Action                   |  1- 3 |  4- 6 || total
-------------------------+-------+-------++-------
Melee: Short sword       |    19 |     4 ||    23
       Tailslap          |     2 |       ||     2
       War axe           |       |     6 ||     6
 Fire: Hunting sling     |    33 |       ||    33
 Cast: Flame Tongue      |    47 |     9 ||    56
       Throw Flame       |     4 |     3 ||     7
  Use: Potion            |     1 |       ||     1
       Scroll            |     3 |       ||     3
  Eat: Ration            |     2 |       ||     2
       Chunk             |     1 |       ||     1
Armor: Skin              |    30 |       ||    30
Dodge: Dodged            |    57 |     4 ||    61
